 Dungeon Crawl Stone Soup version 0.31-a0-364-gb59cdcccf2 (webtiles) character file.

Game seed: 8525168384015141652

319 senseless the Changeling (level 6, 0/41 HPs)
             Began as an Octopode Shapeshifter on July 27, 2023.
             Was a Follower of Jiyva.
             Slain by a sleepcap (8 damage)
             ... on level 5 of the Dungeon.
             The game lasted 00:08:40 (2435 turns).

senseless the Changeling (Octopode Shapeshifter)    Turns: 2435, Time: 00:08:41

Health: 0/41       AC:  1    Str: 17    XL:     6   Next: 46%
Magic:  6/6        EV: 13    Int: 10    God:    Jiyva [*.....]
Gold:   3          SH:  0    Dex: 12    Spells: 5/5 levels left

rFire   . . .        f - +3 dagger (flame)
rCold   . . .        (no shield)
rNeg    + . .        (helmet currently unavailable)
rPois   .            (no amulet)
rElec   .            o - ring of positive energy
rCorr   +            t - ring of resist corrosion
SInv    .            (no ring)
Will    .....        (no ring)
Stlth   +++          (no ring)
HPRegen 1.06/turn    (no ring)
MPRegen 0.35/turn    (no ring)
                     (no ring)

%: no passive effects
@: beast-form
A: beast (slay +2), almost no armour, amphibious, 8 rings, camouflage 1,
gelatinous body 1, (nimble swimmer 1), tentacles
a: Begin Untransformation, Renounce Religion


You were on level 5 of the Dungeon.
You worshipped Jiyva.
Jiyva was aware of your devotion.
You were a hulking beast.
You visited 1 branch of the dungeon, and saw 5 of its levels.

You collected 133 gold pieces.
You spent 130 gold pieces at shops.

Inventory:

Hand Weapons
 f - a +3 dagger of flaming (weapon)
Missiles
 l - 3 atropa-tipped darts (quivered)
Armour
 k - a +2 hat
Jewellery
 o - a ring of positive energy (left tentacle)
 t - a ring of resist corrosion (right tentacle)
Talismans
 b - a beast talisman
 p - a serpent talisman
 s - a blade talisman
Wands
 q - a wand of flame (30)
Scrolls
 n - 3 scrolls of teleportation
Potions
 a - a potion of lignification
 c - a potion of attraction
 j - a potion of curing
 r - a potion of cancellation {unknown}


   Skills:
 + Level 2.7 Fighting
 + Level 3.2 Dodging
 + Level 3.6 Stealth
 + Level 3.9 Unarmed Combat
 * Level 4.0 Shapeshifting


You had 5 spell levels left.
You didn't know any spells.
Your spell library contained the following spells:

 Spells                   Type           Power      Damage    Failure   Level
 Cigotuvi's Dreadful Rot  Necr/Pois/Air  0%         N/A       50%         2
 Dispel Undead            Necr           0%         3d6       98%         4
 Death Channel            Necr           0%         N/A       100%        6


Dungeon Overview and Level Annotations

Branches:
Dungeon (5/15)             Temple (0/1) D:5

Altars:
Cheibriados
Gozag
Nemelex Xobeh
Jiyva

Shops:
D:1 *   D:3 (


Innate Abilities, Weirdness & Mutations

You are a hulking beast.
Your limbs bulge with bestial killing power. (Slay +2)
You cannot wear most types of armour.
You are amphibious.
You can wear up to eight rings at the same time.
Your skin changes colour to match your surroundings (Stealth+).
Your rubbery body absorbs attacks. (AC +1, EV +1)
((You are camouflaged when in or above water. (Stealth+)))
You have tentacles for arms and can constrict up to eight enemies at once.


Message History

You constrict the howler monkey. The howler monkey hits you. x2
You hit the howler monkey. You burn the howler monkey.
You squeeze the howler monkey.
You kill the howler monkey!
A sleepcap comes into view.
Your Shapeshifting skill increases to level 4!
You hit the iguana but do no damage. Your grab misses the iguana.
The iguana closely misses you.
You hit the iguana. You burn the iguana. You grab the iguana.
You tentacle-slap the iguana, but do no damage.
The iguana is moderately wounded.
You constrict the iguana, but do no damage.
The iguana bites you.
You hit the iguana but do no damage. You squeeze the iguana!
The iguana is severely wounded.
You constrict the iguana. The iguana bites you.
The orc hits you with a +0 short sword.
You are too injured to fight recklessly!
You hit the iguana but do no damage. You squeeze the iguana.
You kill the iguana!
The orc completely misses you.
You barely miss the orc. You grab the orc. You constrict the orc.
The orc hits you with a +0 short sword.
You hit the orc. You burn the orc.
You kill the orc!
The sleepcap releases spores at you!
* * * LOW HITPOINT WARNING * * *
You are engulfed in a cloud of soporific spores!
You fall asleep.
The sleepcap releases spores at you!
You wake up.
* * * LOW HITPOINT WARNING * * *
You are engulfed in a cloud of soporific spores!
You are unaffected.
You feel better. The sleepcap releases spores at you.
* * * LOW HITPOINT WARNING * * *
You hit the sleepcap. You burn the sleepcap. You grab the sleepcap.
The sleepcap is lightly damaged.
You constrict the sleepcap, but do no damage.
The sleepcap releases spores at you!
You die...

..... # .....
.# #8!... .#
#.... ..#
##....# #..#
#8....8##8..#
.?....).....#
....$..h....#
...$$..f....#
............#
#8....8##8..#
##....# #..#
#$... ..#
#8.... ..#
...... .#


You could see a sleepcap.

Vanquished Creatures
  An ogre (D:3)
  A howler monkey (D:5)
  Crazy Yiuf (D:3)
  An iguana (D:5)
  Jessica (D:2)
  Terence (D:3)
  2 adders (D:3)
  An ufetubus (D:5)
  A dart slug (D:1)
  2 orcs
  6 bats
  5 endoplasms
  2 giant cockroaches (D:1)
  11 goblins
  5 hobgoblins
  2 jackals (D:1)
  A quokka (D:5)
  7 ball pythons
  3 frilled lizards (D:1)
  10 kobolds
  8 rats
72 creatures vanquished.

Notes
Turn   | Place    | Note
-------+----------+-------------------------------------------
     0 | D:1      | senseless the Octopode Shapeshifter began the quest for the
                  | Orb.
     0 | D:1      | Reached XP level 1. HP: 13/13 MP: 1/1
   100 | D:1      | Reached XP level 2. HP: 16/18 MP: 2/2
   117 | D:1      | Reached skill level 1 in Stealth
   435 | D:1      | Found Neschuaq's Assorted Antiques.
   692 | D:1      | Reached XP level 3. HP: 23/23 MP: 3/3
  1188 | D:2      | Noticed Jessica
  1212 | D:2      | Killed Jessica
  1213 | D:2      | Reached XP level 4. HP: 21/29 MP: 4/4
  1598 | D:3      | Found a snail-covered altar of Cheibriados.
  1621 | D:3      | Found Kyurod's Antique Weapon Boutique.
  1722 | D:3      | Noticed Terence
  1730 | D:3      | Killed Terence
  1753 | D:3      | Noticed an ogre
  1769 | D:3      | Killed an ogre
  1770 | D:3      | Reached XP level 5. HP: 34/35 MP: 5/5
  1806 | D:3      | Found an opulent altar of Gozag.
  1807 | D:3      | Found a sparkling altar of Nemelex Xobeh.
  1830 | D:3      | Found a faded altar of an unknown god.
  1938 | D:3      | Prayed at the altar of an unknown god.
  1938 | D:3      | Became a worshipper of Jiyva Juefisam the Shapeless
  1938 | D:3      | Reached * piety under Jiyva
  2052 | D:1      | Bought a large bone ring for 130 gold pieces
  2135 | D:3      | Found a runed translucent door.
  2136 | D:3      | Noticed Crazy Yiuf
  2346 | D:3      | Killed Crazy Yiuf
  2347 | D:3      | Reached XP level 6. HP: 41/41 MP: 6/6
  2410 | D:4      | You fall into a shaft and drop 1 floor!
  2410 | D:5      | Entered Level 5 of the Dungeon
  2410 | D:5      | Found a staircase to the Ecumenical Temple.
  2427 | D:5      | Reached skill level 4 in Shapeshifting
  2433 | D:5      | HP: 1/41 [sleepcap (12)]
  2435 | D:5      | Slain by a sleepcap

Illustrated notes

Levels and vault maps discovered:
D:1:      reono_arrival_mine, layout_basic, serial_shops,
          nicolae_shop_rolling_square
D:2:      layout_rooms, roderic_lattice_a, uniq_jessica
D:3:      layout_basic, nicolae_overflow_hidden_temple, general_overflow_altar,
          nicolae_ecumenical_snake_handling, serial_shops, shop,
          minmay_strange_pillars, minmay_ogre_servants, uniq_terence,
          uniq_crazy_yiuf_cottage
D:4:      layout_basic, mainiacjoe_overflow_alcove_1,
          mainiacjoe_overflow_alcove_2, serial_shops, nicolae_square_shop,
          nicolae_shop_behind_doors, nicolae_stop_n_shop_2,
          nicolae_kite_square_tiling_tiny, minmay_manual_monolith
D:5:      layout_loops_corners, temple_pool_b, lightli_sewer_entry_pipes,
          minmay_misc_feat_ornament, kennysheep_dice, uniq_blork_the_orc

Skill      XL: |  1  2  3  4  5  6 |
---------------+-------------------+-----
Stealth        | 1 2 3 |  3.6
Fighting       | 2 |  2.7
Dodging        | 3 |  3.2
Shapeshifting  | 4 |  4.0
Unarmed Combat | |  3.9

Action                     |  1- 3 |  4- 6 || total
---------------------------+-------+-------++-------
  Melee: Unarmed           |    27 |       ||    27
         Constrict         |    14 |    16 ||    30
         Tentacles         |     8 |    10 ||    18
         Dagger            |    35 |    62 ||    97
         Punch             |     1 |     3 ||     4
  Throw: Dart              |       |     2 ||     2
    Use: Scroll            |       |     8 ||     8
         Potion            |       |     1 ||     1
   Stab: Sleeping          |    10 |     2 ||    12
         Distracted        |       |     2 ||     2
         Invisible         |       |     2 ||     2
 Armour: Skin              |     1 |     2 ||     3
  Dodge: Dodged            |    41 |    27 ||    68

Table legend: (Time is in decaauts)
 A = Elapsed time spent in this place.
 B = Non-inter-level travel time spent in this place.
 C = Inter-level travel time spent in this place.
 D = Time resting spent in this place.
 E = Time spent auto-exploring this place.
 F = Levels seen in this place.
 G = Mean time per level.
                   A        B        C        D        E       F      G
               +--------+--------+--------+--------+--------+-----+--------+
         Total |   2433 |   2232 |    201 |     74 |   1701 |   5 |  486.6 |
       Dungeon |   2433 |   2232 |    201 |     74 |   1701 |   5 |  486.6 |
               +--------+--------+--------+--------+--------+-----+--------+

Top non-repeatable levels by time:
     D:3: 911 daAuts
     D:1: 867 daAuts
     D:2: 629 daAuts
     D:5: 24 daAuts
